Map: Apotheosis LE

Players

Doomknight

  • Race: Zerg Zerg
  • League: Diamond

llllllllllll - Winner!

  • Race: Protoss Protoss
  • League: Diamond

VOD

Have the link to the VOD?

Description

Time

  • Played on: July 21, 2016, 12:27 a.m.
  • Length: 23:52
Show
View Real Time Build Order
Export as new Build Order

Doomknight Zerg 

Build Orders: Hatch First 

Get SALT Encoding   

  12  0:02  Drone  
  13  0:09  Drone  
  14  0:18  Overlord  
  14  0:24  Extractor, Drone  
  15  0:37  Drone x2  
  17  0:45  Drone  
  18  0:57  Hatchery  
  18  1:02  Extractor  
  16  1:04  Drone  
  17  1:18  Spawning Pool  
  16  1:19  Drone  
  16  1:23  Drone  
  18  1:29  Drone  
  19  1:38  Drone  
  20  2:09  Queen  
  20  2:10  Queen  
  24  2:15  Metabolic Boost, Zergling x2  
  24  2:16  Zergling x2  
  24  2:17  Zergling x4  
  28  2:28  Overlord  
  28  2:35  Extractor  
  27  2:37  Extractor  
  27  2:39  Drone x2  
  30  2:45  Overlord  
  30  2:55  Drone x3  
  33  2:59  Pneumatized Carapace  
  33  3:05  Drone x2  
  35  3:15  Drone, Spine Crawler  
  35  3:21  Drone x2  
  35  3:24  Drone  
  37  3:32  Spine Crawler  
  36  3:36  Spine Crawler  
  36  3:37  Zergling x2  
  36  3:49  Spine Crawler  
  36  3:51  Spine Crawler  
  34  3:57  Zergling x6  
  37  4:06  Spine Crawler  
  35  4:14  Zergling x6  
  37  4:22  Spine Crawler  
  35  4:29  Zergling x2  
  34  4:32  Roach Warren  
  34  4:34  Burrow  
  33  4:41  Zergling x2  
  34  4:50  Zergling x6  
  36  5:03  Zergling x2  
  37  5:19  Overlord  
  37  5:20  Overlord  
  37  5:39  Roach x2  
  37  5:40  Roach  
  43  5:44  Roach x3  
  48  5:59  Roach  
  48  6:09  Overlord  
  48  6:13  Overlord  
  48  6:23  Overlord  
  48  6:25  Hatchery  
  44  6:39  Roach  
  50  6:40  Roach x2  
  50  6:46  Roach x3  
  55  6:54  Roach x6  
  55  7:11  Roach  
  55  7:24  Roach x4  
  53  7:42  Roach x3  
  59  7:51  Roach x2, Drone  
  64  7:54  Drone x2  
  64  7:57  Roach  
  64  8:00  Roach  
  64  8:05  Drone x2  
  64  8:11  Extractor  
  64  8:14  Drone x2  
  64  8:17  Hatchery  
  65  8:21  Drone  
  65  8:22  Extractor  
  65  8:23  Drone  
  66  8:27  Roach x2  
  66  8:35  Evolution Chamber, Drone x2, Queen  
  66  8:36  Evolution Chamber, Queen  
  66  8:41  Drone  
  71  8:57  Drone x5  
  71  9:00  Roach x3  
  76  9:07  Zerg Missile Weapons Level 1  
  76  9:08  Zerg Ground Armor Level 1  
  76  9:12  Roach x2  
  76  9:15  Roach x2  
  76  9:17  Roach x2  
  74  9:40  Drone x4  
  74  9:41  Drone x4  
  74  9:44  Overlord x2  
  82  9:49  Lair  
  82  9:51  Overlord  
  82  9:52  Overlord  
  82  9:53  Extractor  
  82  9:57  Overlord  
  81  10:01  Queen  
  81  10:07  Spore Crawler x3  
  82  10:11  Spore Crawler  
  79  10:15  Spore Crawler  
  79  10:20  Spore Crawler  
  74  10:22  Spore Crawler x3  
  73  10:39  Spore Crawler x2  
  73  10:41  Spore Crawler  
  64  11:08  Hydralisk Den  
  63  11:26  Hatchery  
  62  11:59  Overlord x3  
  60  12:20  Hydralisk x3  
  49  12:38  Drone x2  
  49  12:43  Drone  
  52  12:48  Drone  
  53  12:56  Drone  
  54  13:04  Drone  
  55  13:06  Drone  
  55  13:11  Drone  
  53  13:28  Hydralisk  
  55  13:46  Hydralisk x3  
  61  13:50  Drone  
  58  14:19  Hydralisk  
  58  14:20  Hydralisk x2  
  50  14:37  Hydralisk  
  51  14:39  Drone  
  49  16:24  Drone  
  49  16:46  Hatchery  
  44  17:22  Drone  
  45  17:30  Roach x2  
  45  17:31  Roach x2  
  45  17:37  Roach  
  45  17:38  Roach x2  
  43  18:10  Hydralisk  
  45  18:22  Drone  
  46  18:30  Hydralisk  
  48  18:38  Hydralisk  
  50  18:45  Hydralisk  
  52  18:50  Hydralisk  
  54  18:57  Hydralisk  
  56  19:12  Hydralisk x2  
  60  20:09  Overlord  
  60  20:13  Overlord  
  60  20:24  Hatchery  
  59  20:39  Hydralisk x2  
  59  20:40  Hydralisk x2  
  67  20:43  Roach  
  67  20:53  Drone  
  67  20:54  Drone x3  
  71  21:06  Drone  
  71  21:07  Drone  
  73  21:27  Drone x2  
  73  21:28  Drone, Overlord  
  76  21:34  Overlord x2  
  76  21:37  Drone x2  
  78  21:58  Hydralisk x2  
  75  22:01  Spore Crawler  
  74  22:08  Hydralisk  
  72  22:21  Drone x2  
  70  22:27  Hydralisk x3  
  76  22:30  Hydralisk  
  78  22:43  Drone x2  
  80  23:06  Drone x2  
  80  23:08  Drone  
  80  23:09  Hatchery  
Show
View Real Time Build Order
Export as new Build Order

llllllllllll Protoss - Winner!

Build Orders:  

Get SALT Encoding   

  12  0:01  Probe (Chrono Boost)  
  13  0:12  Probe (Chrono Boost)  
  14  0:22  Probe (Chrono Boost)  
  14  0:23  Pylon  
  15  0:41  Probe (Chrono Boost)  
  16  0:52  Probe (Chrono Boost)  
  17  0:58  Pylon  
  17  1:18  Gateway  
  17  1:20  Gateway  
  17  1:21  Gateway  
  17  1:24  Gateway  
  17  1:34  Forge  
  17  1:38  Pylon  
  17  2:09  Zealot x2  
  17  2:10  Zealot  
  17  2:11  Zealot  
  25  2:21  Photon Cannon  
  25  2:23  Pylon  
  25  2:36  Zealot x2  
  29  2:41  Zealot  
  31  2:45  Zealot  
  33  3:03  Zealot  
  33  3:04  Zealot  
  37  3:10  Pylon  
  37  3:16  Zealot  
  39  3:21  Zealot  
  41  3:38  Zealot x2  
  45  3:54  Zealot  
  45  3:57  Zealot  
  49  4:05  Zealot  
  48  4:53  Photon Cannon  
  48  4:54  Photon Cannon  
  48  5:06  Assimilator  
  48  5:09  Assimilator  
  48  5:17  Probe (Chrono Boost)  
  48  5:19  Cybernetics Core  
  49  5:23  Pylon  
  50  5:29  Probe (Chrono Boost)  
  50  6:24  Stargate  
  51  6:25  Probe (Chrono Boost)  
  51  6:37  Probe (Chrono Boost)  
  52  6:50  Probe (Chrono Boost)  
  53  7:02  Void Ray  
  49  7:47  Void Ray  
  51  8:12  Stargate  
  51  8:21  Pylon  
  51  8:24  Void Ray  
  51  8:25  Pylon  
  51  8:28  Photon Cannon  
  51  8:30  Photon Cannon  
  55  8:46  Pylon, Mothership Core (Chrono Boost)  
  57  8:48  Pylon  
  57  8:54  Photon Cannon  
  57  8:55  Pylon  
  57  8:59  Void Ray  
  55  9:26  Void Ray  
  43  9:46  Pylon  
  43  9:50  Void Ray  
  47  10:20  Void Ray  
  51  10:46  Void Ray  
  55  11:04  Photon Cannon  
  55  11:05  Photon Cannon  
  55  11:08  Photon Cannon  
  55  11:32  Void Ray  
  55  11:38  Void Ray  
  63  12:21  Void Ray  
  67  12:49  Void Ray  
  67  12:57  Pylon  
  71  13:00  Pylon  
  53  16:17  Nexus  
  53  16:52  Pylon  
  52  17:30  Photon Cannon  
  53  17:38  Probe (Chrono Boost)  
  53  17:40  Probe (Chrono Boost)  
  54  18:07  Probe (Chrono Boost)  
  54  18:09  Probe (Chrono Boost)  
  56  18:21  Pylon  
  56  18:26  Void Ray  
  60  18:40  Assimilator  
  60  18:42  Assimilator  
  60  18:43  Probe (Chrono Boost)  
  60  18:44  Probe (Chrono Boost)  
  62  18:54  Photon Cannon  
  62  18:56  Probe (Chrono Boost)  
  62  18:58  Probe (Chrono Boost)  
  64  19:09  Pylon  
  64  19:26  Oracle  
  64  19:29  Oracle  
  66  19:57  Oracle  
  66  20:03  Nexus  
  66  20:05  Oracle  
  66  20:06  Pylon  
  72  20:24  Photon Cannon  
  72  20:27  Photon Cannon  
  72  20:40  Oracle  
  71  20:45  Oracle  
  77  21:11  Oracle  
  80  21:19  Pylon  
  80  21:20  Oracle  
  83  21:37  Photon Cannon  
  83  21:38  Photon Cannon  
  83  21:39  Photon Cannon  
  83  21:42  Oracle  
  83  21:46  Pylon  
  86  21:56  Oracle  
  89  22:13  Oracle  
  92  22:33  Oracle  
  95  22:44  Oracle  
  98  23:08  Void Ray  
Tags
 
Add a new tag
Caveats
  • Supply blocks, unpowered buildings, or Contaminate may cause inaccurate times.
  • Supply counts are checked every 10 seconds.